DBL
TORONTO BLUE JAYS @ MONTREAL EXPOS
04/02/1997
 
TOP OF THE 1ST
Toronto Blue Jays batting - Pitching for Montreal Expos : LHP Mark Guthrie
Pitching: LHP Mark Guthrie
Batting: RHB Derek Jeter 0-0: Called Strike
0-1: Foul Ball, location: 2F
0-2: Strikes out swinging
Batting: LHB Will Clark 0-0: Swinging Strike
0-1: Ball
1-1: Swinging Strike
1-2: Ball
2-2: DOUBLE (Groundball, 5L, EV 103.8 MPH)
Batting: RHB Ellis Burks 0-0: Called Strike
0-1: Ground out U3 (Groundball, 34S, EV 84.4 MPH)
Will Clark to third
Batting: RHB Dean Palmer 0-0: Called Strike
0-1: Swinging Strike
0-2: Strikes out swinging
Top of the 1st over - 0 runs, 1 hit, 0 errors, 1 left on base; Toronto 0 - Montreal 0
BOTTOM OF THE 1ST
Montreal Expos batting - Pitching for Toronto Blue Jays : RHP Jeff D. Robinson
Pitching: RHP Jeff D. Robinson
Batting: SHB Ricky Otero 0-0: Ball
1-0: Foul Ball, location: 2F
1-1: Ball
2-1: Foul Ball, location: 2F
2-2: SINGLE (Groundball, 34D, EV 106.9 MPH)
Batting: SHB Gregg Jefferies 0-0: Called Strike
0-1: Ball
1-1: Ball
2-1: Foul Ball, location: 2F
2-2: Hit by Pitch
Ricky Otero to second
Batting: RHB Matt Williams 0-0: Swinging Strike
0-1: Foul Ball, location: 2F
0-2: Ball
1-2: Ball
2-2: Strikes out swinging
Batting: RHB Raul Mondesi 0-0: Ball
1-0: Called Strike
1-1: Fielders Choice at 2nd, 1-4 (Groundball, 15S, EV 70.0 MPH)
Ricky Otero to third
Batting: LHB Hal Morris 0-0: Swinging Strike
0-1: Ball
1-1: Ball
2-1: Reached on error, E8 (Flyball, 78M, EV 94.4 MPH)
Ricky Otero scores
Raul Mondesi to third
Batting: RHB Jeff Kent 0-0: Fly out, F9 (Flyball, 9S, EV 83.8 MPH)
Bottom of the 1st over - 1 run, 1 hit, 1 error, 2 left on base; Toronto 0 - Montreal 1
TOP OF THE 2ND
Toronto Blue Jays batting - Pitching for Montreal Expos : LHP Mark Guthrie
Batting: LHB Phil Plantier 0-0: Called Strike
0-1: Foul Ball, location: 2F
0-2: Strikes out swinging
Batting: RHB Carney Lansford 0-0: Ball
1-0: Ball
2-0: Ground out 6-3 (Groundball, 6, EV 86.3 MPH)
Batting: SHB Tony Fernandez 0-0: Ball
1-0: Ball
2-0: Called Strike
2-1: Called Strike
2-2: Fly out, F3 (Line Drive, 34, EV 86.3 MPH)
Top of the 2nd over - 0 runs, 0 hits, 0 errors, 0 left on base; Toronto 0 - Montreal 1
BOTTOM OF THE 2ND
Montreal Expos batting - Pitching for Toronto Blue Jays : RHP Jeff D. Robinson
Batting: RHB Mike Sweeney 0-0: Foul Ball, location: 2F
0-1: Swinging Strike
0-2: SINGLE (Line Drive, 8RS, EV 92.5 MPH)
Batting: RHB Leo Gomez 0-0: SINGLE (Groundball, 56D, EV 102.5 MPH)
Mike Sweeney to second
Batting: RHB Jose Hernandez 0-0: Ball
1-0: Ball
2-0: Called Strike
2-1: Ball
3-1: Base on Balls
Mike Sweeney to third
Leo Gomez to second
Batting: SHB Ricky Otero 0-0: Ball
1-0: Grounds into double play, 5-4-3 (Groundball, 56, EV 97.5 MPH)
Mike Sweeney scores
Leo Gomez to third
Batting: SHB Gregg Jefferies 0-0: Called Strike
0-1: Called Strike
0-2: Ball
1-2: Foul Ball, location: 2F
1-2: Foul Ball, location: 2F
1-2: Ground out 5-3 (Groundball, 56, EV 83.8 MPH)
Bottom of the 2nd over - 1 run, 2 hits, 0 errors, 1 left on base; Toronto 0 - Montreal 2
TOP OF THE 3RD
Toronto Blue Jays batting - Pitching for Montreal Expos : LHP Mark Guthrie
Batting: LHB Lance Johnson 0-0: Swinging Strike
0-1: Fly out, F9 (Flyball, 9, EV 74.4 MPH)
Batting: LHB Darrin Fletcher 0-0: Called Strike
0-1: Ball
1-1: Foul Ball, location: 2F
1-2: Strikes out swinging
Batting: RHB Derek Jeter 0-0: Foul Ball, location: 2F
0-1: Ground out 5-3 (Groundball, 56S, EV 86.9 MPH)
Top of the 3rd over - 0 runs, 0 hits, 0 errors, 0 left on base; Toronto 0 - Montreal 2
BOTTOM OF THE 3RD
Montreal Expos batting - Pitching for Toronto Blue Jays : RHP Jeff D. Robinson
Batting: RHB Matt Williams 0-0: Ball
1-0: Ground out 6-3 (Groundball, 6, EV 86.9 MPH)
Batting: RHB Raul Mondesi 0-0: Ball
1-0: Ball
2-0: Called Strike
2-1: TRIPLE (Flyball, 9LD, EV 90.0 MPH)
Batting: LHB Hal Morris 0-0: Called Strike
0-1: Ground out 3-1 (Groundball, 34, EV 103.8 MPH)
Raul Mondesi scores
Batting: RHB Jeff Kent 0-0: Fly out, F9 (Line Drive, 9, EV 93.1 MPH)
Bottom of the 3rd over - 1 run, 1 hit, 0 errors, 0 left on base; Toronto 0 - Montreal 3
TOP OF THE 4TH
Toronto Blue Jays batting - Pitching for Montreal Expos : LHP Mark Guthrie
Batting: LHB Will Clark 0-0: Ball
1-0: SINGLE (Line Drive, 56D, EV 99.4 MPH)
Batting: RHB Ellis Burks 0-0: Ball
1-0: Fly out, F7 (Flyball, 7S, EV 90.6 MPH)
Batting: RHB Dean Palmer 0-0: 2-RUN HOME RUN (Flyball, 7D, EV 85.0 MPH), Distance : 374 ft
Batting: LHB Phil Plantier 0-0: Ball
1-0: Ball
2-0: Foul Ball, location: 2F
2-1: Foul Ball, location: 2F
2-2: DOUBLE (Flyball, 78D, EV 101.9 MPH)
Batting: RHB Carney Lansford 0-0: Ball
Wild Pitch!
Phil Plantier to third
1-0: Ball
2-0: SINGLE (Groundball, 34D, EV 98.8 MPH)
Phil Plantier scores
Batting: SHB Tony Fernandez 0-0: Swinging Strike
0-1: Ball
1-1: Fielders Choice at 2nd, 4-6 (Groundball, 4M, EV 86.3 MPH)
Batting: LHB Lance Johnson 0-0: Called Strike
0-1: Ball
1-1: Foul Ball, location: 2F
1-2: Foul Ball, location: 2F
1-2: Ball
2-2: Ball
3-2: Reached on error, E4 (Groundball, 4, EV 85.0 MPH)
Tony Fernandez to second
Batting: LHB Darrin Fletcher 0-0: Called Strike
0-1: Ball
1-1: Fly out, F7 (Flyball, 7LM, EV 83.8 MPH)
Top of the 4th over - 3 runs, 4 hits, 1 error, 2 left on base; Toronto 3 - Montreal 3
BOTTOM OF THE 4TH
Montreal Expos batting - Pitching for Toronto Blue Jays : RHP Jeff D. Robinson
Batting: RHB Mike Sweeney 0-0: Called Strike
0-1: Fly out, F9 (Flyball, 89M, EV 95.6 MPH)
Batting: RHB Leo Gomez 0-0: Ball
1-0: Called Strike
1-1: Ball
2-1: Ball
3-1: Called Strike
3-2: SINGLE (Flyball, 7LS, EV 86.3 MPH)
Batting: RHB Jose Hernandez 0-0: Ball
1-0: Grounds into double play, 5-4-3 (Groundball, 56, EV 85.0 MPH)
Bottom of the 4th over - 0 runs, 1 hit, 0 errors, 0 left on base; Toronto 3 - Montreal 3
TOP OF THE 5TH
Toronto Blue Jays batting - Pitching for Montreal Expos : LHP Mark Guthrie
Batting: RHB Derek Jeter 0-0: Ball
1-0: Swinging Strike
1-1: Foul Ball, location: 2F
1-2: Foul Ball, location: 2F
1-2: Strikes out swinging
Batting: LHB Will Clark 0-0: Ball
1-0: Foul Ball, location: 2F
1-1: Ball
2-1: Foul Ball, location: 2F
2-2: Ball
3-2: DOUBLE (Line Drive, 5D, EV 95.0 MPH)
Batting: RHB Ellis Burks 0-0: Foul Ball, location: 2F
0-1: Fly out, F6 (Popup, 4MD, EV 72.5 MPH)
Batting: RHB Dean Palmer 0-0: Ball
1-0: Fly out, F8 (Flyball, 89XD, EV 96.9 MPH)
Top of the 5th over - 0 runs, 1 hit, 0 errors, 1 left on base; Toronto 3 - Montreal 3
BOTTOM OF THE 5TH
Montreal Expos batting - Pitching for Toronto Blue Jays : RHP Jeff D. Robinson
Batting: SHB Ricky Otero 0-0: Reached on error, E3 (Groundball, 34, EV 110.6 MPH)
Batting: SHB Gregg Jefferies 0-0: Ball
1-0: Called Strike
1-1: Ball
2-1: Fielders Choice at 2nd, 5-4 (Groundball, 56, EV 86.3 MPH)
Batting: RHB Matt Williams 0-0: Ball
1-0: Ball
Gregg Jefferies is caught stealing 2nd base 2-4
2-0: Called Strike
2-1: Fly out, F8 (Flyball, 89M, EV 98.1 MPH)
Bottom of the 5th over - 0 runs, 0 hits, 1 error, 0 left on base; Toronto 3 - Montreal 3
TOP OF THE 6TH
Toronto Blue Jays batting - Pitching for Montreal Expos : LHP Mark Guthrie
Batting: LHB Phil Plantier 0-0: Ball
1-0: Ball
2-0: Fly out, F5 (Flyball, 5D, EV 82.5 MPH)
Batting: RHB Carney Lansford 0-0: Called Strike
0-1: Foul Ball, location: 2F
0-2: Strikes out swinging
Batting: SHB Tony Fernandez 0-0: Ball
1-0: Foul Ball, location: 2F
1-1: Foul Ball, location: 2F
1-2: Ball
2-2: Strikes out looking
Top of the 6th over - 0 runs, 0 hits, 0 errors, 0 left on base; Toronto 3 - Montreal 3
BOTTOM OF THE 6TH
Montreal Expos batting - Pitching for Toronto Blue Jays : RHP Jeff D. Robinson
Batting: RHB Raul Mondesi 0-0: Ground out 5-3 (Groundball, 5, EV 107.5 MPH)
Batting: LHB Hal Morris 0-0: Called Strike
0-1: Ball
1-1: Swinging Strike
1-2: SINGLE (Line Drive, 7S, EV 108.1 MPH)
Batting: RHB Jeff Kent 0-0: Called Strike
0-1: Swinging Strike
0-2: DOUBLE (Line Drive, 9LD, EV 101.9 MPH)
Hal Morris to third
Batting: RHB Mike Sweeney 0-0: Swinging Strike
0-1: Fly out, F8 (Flyball, 89D, EV 91.9 MPH)
Runner from 3rd tags up, SCORES, throw by CF
Jeff Kent to third
Batting: RHB Leo Gomez 0-0: Hit by Pitch
Batting: RHB Jose Hernandez 0-0: SINGLE (Groundball, 34D, EV 95.6 MPH)
Jeff Kent scores
Leo Gomez to second
Runner from 2nd tries for 3rd, SAFE, throw by RF made to third
Pitching: RHP Scott Sullivan
Batting: SHB Ricky Otero 0-0: Ball
1-0: Ball
2-0: Called Strike
2-1: Ground out 4-3 (Groundball, 4, EV 80.0 MPH)
Bottom of the 6th over - 2 runs, 3 hits, 0 errors, 2 left on base; Toronto 3 - Montreal 5
TOP OF THE 7TH
Toronto Blue Jays batting - Pitching for Montreal Expos : LHP Mark Guthrie
Batting: LHB Lance Johnson 0-0: Ball
1-0: Fly out, F9 (Line Drive, 9, EV 95.6 MPH)
Batting: LHB Darrin Fletcher 0-0: Foul Ball, location: 2F
0-1: Ball
1-1: Called Strike
1-2: Ground out 6-3 (Groundball, 6, EV 89.4 MPH)
Batting: RHB Derek Jeter 0-0: Reached on error, E6 (Groundball, 6, EV 106.3 MPH)
Batting: LHB Will Clark 0-0: Called Strike
0-1: Ball
1-1: Fly out, F7 (Flyball, 7D, EV 100.0 MPH)
Top of the 7th over - 0 runs, 0 hits, 1 error, 1 left on base; Toronto 3 - Montreal 5
BOTTOM OF THE 7TH
Montreal Expos batting - Pitching for Toronto Blue Jays : RHP Scott Sullivan
Batting: SHB Gregg Jefferies 0-0: Fly out, F6 (Popup, 56, EV 50.0 MPH)
Batting: RHB Matt Williams 0-0: Ball
1-0: Called Strike
1-1: Ball
2-1: Swinging Strike
2-2: Strikes out looking
Batting: RHB Raul Mondesi 0-0: Ground out 5-3 (Groundball, 56, EV 84.4 MPH)
Bottom of the 7th over - 0 runs, 0 hits, 0 errors, 0 left on base; Toronto 3 - Montreal 5
TOP OF THE 8TH
Toronto Blue Jays batting - Pitching for Montreal Expos : LHP Mark Guthrie
Pitching: RHP Ed Correa
Batting: RHB Ellis Burks 0-0: Ball
1-0: Ball
2-0: Ball
3-0: Called Strike
3-1: Base on Balls
Batting: RHB Dean Palmer 0-0: Foul Ball, location: 2F
0-1: Called Strike
0-2: Ball
1-2: Ball
2-2: SINGLE (Groundball, 56D, EV 93.8 MPH)
Ellis Burks to second
Batting: LHB Phil Plantier 0-0: Swinging Strike
0-1: Ball
1-1: Foul Ball, location: 2F
1-2: Foul Ball, location: 2F
1-2: Ball
Wild Pitch!
Ellis Burks to third
Dean Palmer to second
2-2: Strikes out swinging
Batting: RHB Carney Lansford 0-0: Ball
1-0: Fly out, F8 (Line Drive, 8RM, EV 89.4 MPH)
Runner from 3rd tags up, SCORES, throw by CF
Dean Palmer to third
Batting: SHB Tony Fernandez 0-0: Ball
1-0: Foul Ball, location: 2F
1-1: Swinging Strike
1-2: Ball
2-2: Ball
3-2: Base on Balls
Pitching: LHP Mike Jeffcoat
Batting: LHB Lance Johnson 0-0: Ball
1-0: Called Strike
1-1: Foul Ball, location: 2F
1-2: Ground out 4-3 (Groundball, 34, EV 100.6 MPH)
Top of the 8th over - 1 run, 1 hit, 0 errors, 2 left on base; Toronto 4 - Montreal 5
BOTTOM OF THE 8TH
Montreal Expos batting - Pitching for Toronto Blue Jays : RHP Scott Sullivan
Batting: LHB Hal Morris 0-0: Ball
1-0: Called Strike
1-1: Ball
2-1: Fly out, F9 (Flyball, 9, EV 74.4 MPH)
Batting: RHB Jeff Kent 0-0: Foul Ball, location: 2F
0-1: Swinging Strike
0-2: SOLO HOME RUN (Flyball, 78XD, EV 106.3 MPH), Distance : 443 ft
Batting: RHB Mike Sweeney 0-0: Ball
1-0: Ball
2-0: Fly out, F8 (Flyball, 8LS, EV 84.4 MPH)
Batting: RHB Leo Gomez 0-0: Called Strike
0-1: Ground out U3 (Groundball, 3S, EV 62.5 MPH)
Bottom of the 8th over - 1 run, 1 hit, 0 errors, 0 left on base; Toronto 4 - Montreal 6
TOP OF THE 9TH
Toronto Blue Jays batting - Pitching for Montreal Expos : LHP Mike Jeffcoat
Batting: LHB Darrin Fletcher 0-0: Swinging Strike
0-1: Ground out 4-3 (Groundball, 4, EV 90.0 MPH)
Batting: RHB Derek Jeter 0-0: Foul Ball, location: 2F
0-1: Ball
1-1: Ball
2-1: Ball
3-1: Called Strike
3-2: Foul Ball, location: 2F
3-2: Base on Balls
Batting: LHB Will Clark 0-0: Ball
1-0: Called Strike
1-1: Swinging Strike
1-2: Foul Ball, location: 2F
1-2: Foul Ball, location: 2F
1-2: Strikes out swinging
Batting: RHB Ellis Burks 0-0: Ball
1-0: Fielders Choice at 2nd, U6 (Groundball, 6M, EV 90.0 MPH)
Top of the 9th over - 0 runs, 0 hits, 0 errors, 1 left on base; Toronto 4 - Montreal 6
Wednesday, January 21st, 2026 - OOTP Baseball 20.8 Build 74